 Dungeon Crawl Stone Soup version 0.21.1-1-g345015f (console) character file.

993 toffzen the Magician (level 8, 0/58 HPs)
             Began as a Gnoll Wanderer on Mar 21, 2018.
             Slain by an orc warrior
             ... wielding a +0 glaive
              (30 damage)
             ... on level 5 of the Dungeon.
             The game lasted 00:42:54 (7566 turns).

toffzen the Magician (Gnoll Wanderer)               Turns: 7566, Time: 00:42:54

Health: 0/58       AC:  6    Str: 14    XL:     8   Next: 19%
Magic:  3/19       EV: 13    Int: 15    God:
Gold:   159        SH:  0    Dex: 17    Spells: 12/22 levels left

rFire    . . .     SeeInvis .   a - +0 whip (drain)
rCold    . . .     Gourm    .   (no shield)
rNeg     . . .     Faith    .   d - +0 robe
rPois    .         Spirit   .   t - +2 hat
rElec    .         Reflect  .   z - +0 cloak
rCorr    .         Harm     .   (no gloves)
MR       .....                  w - +0 pair of boots
Stlth    ++++......             (no amulet)
HPRegen  0.19/turn              j - ring of stealth
MPRegen  0.16/turn              n - ring of wizardry

@: no status effects
A: distributed training, fangs 1, strong nose
a: no special abilities


You were on level 5 of the Dungeon.
You were not hungry.

You visited 1 branch of the dungeon, and saw 5 of its levels.

You collected 159 gold pieces.

Inventory:

Hand Weapons
 a - a +0 whip of draining (weapon)
 A - a +0 hunting sling
 F - a +0 blowgun
Missiles
 g - 61 bolts
 h - 34 poisoned needles
 l - 23 sling bullets
 m - 261 stones (quivered)
 p - 16 javelins
 q - 89 arrows
Armour
 d - a +0 robe (worn)
 e - a cursed -1 ring mail
 i - a +0 ring mail
 o - the +0 leather armour of the Zebra {rF+ rN++ MP-9 SInv}
   (You found it on level 4 of the Dungeon)

   It protects you from fire.
   It greatly protects you from negative energy.
   It affects your magic capacity (-9).
   It lets you see invisible.
 t - a +2 hat (worn)
 w - a +0 pair of boots (worn)
 z - a +0 cloak (worn)
 M - a cursed +0 scale mail
Jewellery
 j - a ring of stealth (left hand)
 n - a ring of wizardry (right hand)
 u - a cursed ring of teleportation {unknown}
 B - an uncursed amulet of magic regeneration {unknown}
 N - an uncursed amulet of the gourmand {unknown}
Wands
 r - a wand of scattershot (4)
 Q - a wand of disintegration (22)
Scrolls
 x - a scroll of enchant weapon {unknown}
 y - 5 scrolls of teleportation
 I - a scroll of magic mapping {unknown}
 J - a scroll of amnesia {unknown}
 K - a scroll of fog {unknown}
 L - a scroll of blinking
 R - a scroll of remove curse {unknown}
Potions
 k - a potion of agility
 s - 2 potions of cancellation
 v - a potion of haste
 C - 2 potions of lignification
 D - a potion of ambrosia {unknown}
 E - a potion of heal wounds {unknown}
 O - a potion of curing {unknown}
 P - a potion of berserk rage
Books
 b - Herphuysu's Papyrus of Heat

   Spells                             Type                      Level
   a - Flame Tongue                   Conjuration/Fire             1
   b - Inner Flame                    Hexes/Fire                   3
 c - the Incunabulum of the Loofah

   Spells                             Type                      Level
   a - Sandblast                      Earth                        1
   b - Stone Arrow                    Conjuration/Earth            3
 G - a book of Necromancy

   Spells                             Type                      Level
   a - Pain                           Necromancy                   1
   b - Animate Skeleton               Necromancy                   1
   c - Vampiric Draining              Necromancy                   3
   d - Regeneration                   Charms/Necromancy            3
   e - Animate Dead                   Necromancy                   4
   f - Borgnjor's Vile Clutch         Necromancy/Earth             5
 H - a book of Minor Magic

   Spells                             Type                      Level
   a - Magic Dart                     Conjuration                  1
   b - Blink                          Translocation                2
   c - Call Imp                       Summoning                    2
   d - Slow                           Hexes                        2
   e - Conjure Flame                  Conjuration/Fire             3
   f - Mephitic Cloud                 Conjuration/Poison/Air       3
 S - a book of Frost

   Spells                             Type                      Level
   a - Freeze                         Ice                          1
   b - Throw Frost                    Conjuration/Ice              2
   c - Ozocubu's Armour               Charms/Ice                   3
   d - Throw Icicle                   Conjuration/Ice              4
   e - Summon Ice Beast               Ice/Summoning                4
Comestibles
 f - 7 rations


   Skills:
 + Level 3.0 Fighting
 + Level 3.0 Short Blades
 + Level 3.0 Long Blades
 + Level 3.0 Axes
 + Level 3.0 Maces & Flails
 + Level 3.0 Polearms
 + Level 3.0 Staves
 + Level 3.0 Slings
 + Level 3.0 Bows
 + Level 3.0 Crossbows
 + Level 3.0 Throwing
 + Level 3.0 Armour
 + Level 3.0 Dodging
 + Level 3.8 Stealth
 + Level 4.0 Shields
 + Level 3.0 Unarmed Combat
 + Level 7.8 Spellcasting
 + Level 2.4 Conjurations
 + Level 3.3 Hexes
 + Level 2.4 Charms
 + Level 2.4 Summonings
 + Level 2.4 Necromancy
 + Level 2.4 Translocations
 + Level 2.4 Transmutations
 + Level 2.4 Fire Magic
 + Level 2.4 Ice Magic
 + Level 2.4 Air Magic
 + Level 7.5 Earth Magic
 + Level 2.4 Poison Magic
 + Level 3.3 Invocations
 + Level 3.0 Evocations


You had 12 spell levels left.
You knew the following spells:

 Your Spells              Type           Power        Failure   Level  Hunger
a - Magic Dart            Conj           ##..         1%          1    None
b - Stone Arrow           Conj/Erth      ###...       1%          3    ##.....
c - Blink                 Tloc           N/A          2%          2    None
d - Conjure Flame         Conj/Fire      ##......     6%          3    ##.....
e - Animate Skeleton      Necr           N/A          1%          1    None


Dungeon Overview and Level Annotations

Branches:
Dungeon (5/15)
 Temple: D:4-7

Altars:
Ashenzari
Elyvilon
Fedhas
Hepliaklqana
Kikubaaqudgha
Ru
Trog
Vehumet


Innate Abilities, Weirdness & Mutations

Your experience applies equally to all skills.
You have very sharp teeth.
Your uncanny sense of smell can sniff out nearby items.


Message History

The orc warrior hits you from afar with a glaive!!
Ouch! That really hurt!
You hear a shout!
Casting: Stone Arrow
Confirm with . or Enter, or press ? or * to list all spells.
Aiming: Stone Arrow
Press: ? - help, Shift-Dir - straight line, f/p - orc warrior
Aim: an orc warrior, wielding a glaive and wearing a chain mail (moderately wounded)
The stone arrow hits the orc warrior.
The orc warrior is heavily wounded.
Casting: Stone Arrow
Confirm with . or Enter, or press ? or * to list all spells.
Aiming: Stone Arrow
Press: ? - help, Shift-Dir - straight line, f/p - orc warrior
Aim: an orc warrior, wielding a glaive and wearing a chain mail (heavily wounded)
The stone arrow hits the orc warrior.
The orc warrior is severely wounded.
The orc warrior hits you from afar with a glaive!!
Ouch! That really hurt!
You die...

... #....... .... #####
###..... ..... #...#
#..... ......##...###
#..... .............#
####.. .....)##..##.#
##########... .....
#..##.#####............
..s.
##..o................#.
..o
#.##.@.###......)...##
##
#.####.###............
#.. #..##..........##
### ##.............##
###...........##
##............ #
##...........#
###..#..........###
.......[...###### #


You could see an orc warrior.

Vanquished Creatures
  The ghost of aMcNicky the Shield-Bearer, an amateur FoFi (D:3)
  2 sky beasts
  An ogre (D:4)
  A centaur (D:5)
  A scorpion (D:4)
  A crimson imp (D:5)
  A centaur skeleton (D:5)
  An iguana (D:5)
  2 worker ants (D:4)
  2 hound skeletons
  4 gnolls
  8 adders
  An ooze (D:1)
  An adder skeleton (D:5)
  5 worms
  2 dart slugs (D:1)
  5 leopard geckos
  8 orcs (D:3)
  5 bats
  6 giant cockroaches
  7 goblins
  7 hobgoblins
  3 jackals (D:2)
  A quokka (D:4)
  3 ball pythons (D:2)
  4 frilled lizards
  13 kobolds
  A leopard gecko zombie (D:5)
  A quokka skeleton (D:4)
  10 rats
108 creatures vanquished.

Vanquished Creatures (others)
  5 fungi (D:4)
  A plant (D:4)
6 creatures vanquished.

Grand Total: 114 creatures vanquished

Notes
Turn   | Place    | Note
-------+----------+-------------------------------------------
     0 | D:1      | toffzen the Gnoll Wanderer began the quest for the Orb.
     0 | D:1      | toffzen set off with: a book of Minor Magic, Herphuysu's Papyrus of Heat, the Incunabulum of the Loofah, a +0 robe, a +0 dagger, a ration
     0 | D:1      | Reached XP level 1. HP: 13/13 MP: 8/8
     0 | D:1      | Identified Herphuysu's Papyrus of Heat
     0 | D:1      | Identified the Incunabulum of the Loofah
   595 | D:1      | Reached XP level 2. HP: 19/19 MP: 10/10
  1730 | D:1      | Reached XP level 3. HP: 25/25 MP: 11/11
  1758 | D:1      | Learned a level 3 spell: Stone Arrow
  2321 | D:2      | Reached skill level 1 in Invocations
  2585 | D:2      | Reached skill level 1 in Fighting
  2585 | D:2      | Reached skill level 1 in Short Blades
  2585 | D:2      | Reached skill level 1 in Long Blades
  2585 | D:2      | Reached skill level 1 in Axes
  2585 | D:2      | Reached skill level 1 in Maces & Flails
  2585 | D:2      | Reached skill level 1 in Polearms
  2585 | D:2      | Reached skill level 1 in Staves
  2585 | D:2      | Reached skill level 1 in Slings
  2585 | D:2      | Reached skill level 1 in Bows
  2585 | D:2      | Reached skill level 1 in Crossbows
  2585 | D:2      | Reached skill level 1 in Throwing
  2585 | D:2      | Reached skill level 1 in Armour
  2585 | D:2      | Reached skill level 1 in Dodging
  2585 | D:2      | Reached skill level 1 in Unarmed Combat
  2585 | D:2      | Reached skill level 1 in Evocations
  2651 | D:2      | Reached XP level 4. HP: 32/32 MP: 9/13
  3063 | D:2      | Found a radiant altar of Vehumet.
  3063 | D:2      | Found a blossoming altar of Fedhas.
  3147 | D:2      | Reached skill level 1 in Conjurations
  3147 | D:2      | Reached skill level 1 in Charms
  3147 | D:2      | Reached skill level 1 in Summonings
  3147 | D:2      | Reached skill level 1 in Necromancy
  3147 | D:2      | Reached skill level 1 in Translocations
  3147 | D:2      | Reached skill level 1 in Transmutations
  3147 | D:2      | Reached skill level 1 in Fire Magic
  3147 | D:2      | Reached skill level 1 in Ice Magic
  3147 | D:2      | Reached skill level 1 in Air Magic
  3147 | D:2      | Reached skill level 1 in Poison Magic
  3343 | D:1      | Reached XP level 5. HP: 27/37 MP: 3/14
  3958 | D:3      | Noticed aMcNicky's ghost (amateur FoFi)
  3979 | D:3      | Noticed a sky beast
  4012 | D:4      | Got a bloodstained leather armour
  4023 | D:4      | Identified the +0 leather armour of the Zebra {rF+ rN++ MP-9 SInv} (You found it on level 4 of the Dungeon)
  4055 | D:4      | Noticed an ogre
  4301 | D:4      | Learned a level 1 spell: Magic Dart
  4761 | D:3      | Learned a level 2 spell: Blink
  4998 | D:3      | Killed aMcNicky's ghost
  4998 | D:3      | Reached XP level 6. HP: 11/44 MP: 1/16
  5443 | D:3      | Reached XP level 7. HP: 50/50 MP: 13/18
  5538 | D:3      | Learned a level 3 spell: Conjure Flame
  5889 | D:3      | Learned a level 1 spell: Animate Skeleton
  5991 | D:4      | Found a bloodstained altar of Trog.
  5991 | D:4      | Found a hazy altar of Hepliaklqana.
  5991 | D:4      | Found a sacrificial altar of Ru.
  6266 | D:4      | Found a shattered altar of Ashenzari.
  6266 | D:4      | Found an ancient bone altar of Kikubaaqudgha.
  6442 | D:4      | Found a white marble altar of Elyvilon.
  6647 | D:4      | Found a blossoming altar of Fedhas.
  6803 | D:5      | Entered Level 5 of the Dungeon
  7039 | D:5      | Reached XP level 8. HP: 57/57 MP: 4/19
  7566 | D:5      | Slain by an orc warrior

Skill      XL: |  1  2  3  4  5  6  7  8 |
---------------+-------------------------+-----
Hexes          | 2 3 |  3.3
Invocations    | 1 2 3 |  3.3
Fighting       | 1 2 3 |  3.0
Short Blades   | 1 2 3 |  3.0
Long Blades    | 1 2 3 |  3.0
Axes           | 1 2 3 |  3.0
Maces & Flails | 1 2 3 |  3.0
Polearms       | 1 2 3 |  3.0
Staves         | 1 2 3 |  3.0
Slings         | 1 2 3 |  3.0
Bows           | 1 2 3 |  3.0
Crossbows      | 1 2 3 |  3.0
Throwing       | 1 2 3 |  3.0
Armour         | 1 2 3 |  3.0
Dodging        | 1 2 3 |  3.0
Unarmed Combat | 1 2 3 |  3.0
Evocations     | 1 2 3 |  3.0
Conjurations   | 1 2 |  2.4
Charms         | 1 2 |  2.4
Summonings     | 1 2 |  2.4
Necromancy     | 1 2 |  2.4
Translocations | 1 2 |  2.4
Transmutations | 1 2 |  2.4
Fire Magic     | 1 2 |  2.4
Ice Magic      | 1 2 |  2.4
Air Magic      | 1 2 |  2.4
Poison Magic   | 1 2 |  2.4
Shields        | 3 4 |  4.0
Stealth        | 3 |  3.8
Spellcasting   | |  7.8
Earth Magic    | |  7.5

Action                   |  1- 3 |  4- 6 |  7- 9 || total
-------------------------+-------+-------+-------++-------
Melee: Dagger            |    83 |       |       ||    83
       Bite              |    19 |    11 |     4 ||    34
       Whip              |    74 |    90 |    18 ||   182
Throw: Stone             |    17 |    10 |     1 ||    28
 Cast: Stone Arrow       |     7 |    39 |    36 ||    82
       Magic Dart        |       |    37 |    82 ||   119
  Use: Scroll            |       |    10 |     1 ||    11
       Potion            |       |     2 |       ||     2
 Stab: Sleeping          |     1 |     1 |       ||     2
  Eat: Chunk             |     4 |     3 |     1 ||     8
       Ration            |     1 |     2 |     2 ||     5
Armor: Robe              |    28 |    18 |     7 ||    53
       Leather armour    |       |     7 |       ||     7
Dodge: Dodged            |    94 |    61 |    21 ||   176
